 Dungeon Crawl Stone Soup version 0.24-a0-132-ge4b1dce (console) character file.

Game seed: 17776412396092648254

6 Duffy the Chopper (level 1, 0/19 HPs)
             Began as a Naga Gladiator on Feb 27, 2019.
             Slain by a leopard gecko (1 damage)
             ... on level 1 of the Dungeon.
             The game lasted 00:00:10 (218 turns).

Duffy the Chopper (Naga Gladiator)                   Turns: 218, Time: 00:00:10

Health: 0/19       AC:  2    Str: 16    XL:     1   Next: 90%
Magic:  1/1        EV: 10    Int:  8    God:
Gold:   0          SH:  0    Dex: 12    Spells: 0/0 levels left

rFire    . . .     SeeInvis +   a - +0 war axe
rCold    . . .     Gourm    .   (no shield)
rNeg     . . .     Faith    .   b - +0 leather armour
rPois    +         Spirit   .   c - +0 helmet
rElec    .         Reflect  .   (no cloak)
rCorr    .         Harm     .   (no gloves)
MR       .....                  (no barding)
Stlth    +.........             (no amulet)
HPRegen  0.06/turn              (no ring)
MPRegen  0.07/turn              (no ring)

@: very slow
A: large, see invisible, deformed body, poison resistance, slowness 2, slow
metabolism 1, spit poison 1, AC +0
a: Spit Poison


You were on level 1 of the Dungeon.
You were not hungry.

You visited 1 branch of the dungeon, and saw 1 of its levels.

Inventory:

Hand Weapons
 a - a +0 war axe (weapon)
Missiles
 d - 3 throwing nets (quivered)
Armour
 b - a +0 leather armour (worn)
 c - a +0 helmet (worn)
Potions
 e - a potion of heal wounds {unknown}
Comestibles
 f - a ration


   Skills:
 - Level 2.0 Fighting
 + Level 3.4 Axes
 - Level 1.7 Throwing
 - Level 2.4 Dodging


You couldn't memorise any spells.
You didn't know any spells.
Your spell library was empty.

Dungeon Overview and Level Annotations

Branches:
Dungeon (1/15)

Altars:


Innate Abilities, Weirdness & Mutations

You cannot wear boots.
Your serpentine skin is tough. (AC +0)
You have supernaturally acute eyesight. (SInv)
Armour fits poorly on your strangely shaped body.
Your system is resistant to poisons. (rPois)
You cover ground very slowly.
You have a slow metabolism.
You can spit poison.


Message History

You hit the leopard gecko but do no damage.
The leopard gecko closely misses you.
A hobgoblin comes into view. It is wielding a +0 club.
You barely miss the leopard gecko. The leopard gecko closely misses you.
The leopard gecko bites you.
You barely miss the leopard gecko. The leopard gecko barely misses you.
You closely miss the leopard gecko. The leopard gecko bites you. x2
You are too injured to fight recklessly!
You hit the leopard gecko but do no damage.
The leopard gecko barely misses you.
The leopard gecko hisses menacingly.
The leopard gecko bites you.
You miss the leopard gecko. The leopard gecko closely misses you.
You closely miss the leopard gecko. The leopard gecko misses you.
The leopard gecko closely misses you.
You barely miss the leopard gecko. The leopard gecko misses you.
You closely miss the leopard gecko. The leopard gecko bites you. x2
You hit the leopard gecko but do no damage.
The leopard gecko bites you.
You die...

#.# ##### #.# ##.... #.#
#...## #.# #...## ##.##
#.#... ##...## #.#.##
#.....########.#.#.
##.#####.............#.#.
.....Kl@..############.#.
.##.#g###.# #.#. #. #.#
#.## #. #+# #


You could see a leopard gecko, a goblin and a kobold.

Vanquished Creatures
  2 leopard geckos (D:1)
  A hobgoblin (D:1)
  A kobold (D:1)
4 creatures vanquished.

Notes
Turn   | Place    | Note
-------+----------+-------------------------------------------
     0 | D:1      | Duffy the Naga Gladiator began the quest for the Orb.
     0 | D:1      | Reached XP level 1. HP: 19/19 MP: 1/1
   218 | D:1      | Slain by a leopard gecko

Levels and vault maps discovered:
D:1:      zelgadis_glass_arrival_small, layout_loops_corners,
          minmay_small_reverse_x

Action                   || total
-------------------------++-------
Melee: War axe           ||    23
Armor: Leather armour    ||     2
Dodge: Dodged            ||    19

Table legend:
 A = Non-vault XP
 B = Vault XP
 C = Vault XP percentage of total XP
 D = Non-vault monster count
 E = Vault monster count
 F = Vault count percentage of total count
                 A         B        C        D         E       F
            +---------+---------+-------+---------+---------+-------
      Total |       6 |       3 |  33.3 |       2 |       2 |  50.0
            +---------+---------+-------+---------+---------+-------
        D:1 |       6 |       3 |  33.3 |       2 |       2 |  50.0
            +---------+---------+-------+---------+---------+-------
